 Dungeon Crawl Stone Soup version 0.22-a0-542-gce4f928 (webtiles) character file.

1285 iamserjio the Sneak (level 8, -10/54 HPs)
             Began as an Octopode Summoner on June 24, 2018.
             Mangled by a wyvern zombie (16 damage)
             ... on level 7 of the Dungeon.
             The game lasted 00:20:29 (6555 turns).

iamserjio the Sneak (Octopode Summoner)             Turns: 6555, Time: 00:20:30

Health: -10/54     AC:  1    Str: 10    XL:     8   Next: 55%
Magic:  10/12      EV: 15    Int: 17    God:
Gold:   119        SH:  0    Dex: 12    Spells: 5/13 levels left

rFire    x . .     SeeInvis .   h - +0 spear
rCold    + . .     Gourm    .   (no shield)
rNeg     . . .     Faith    .   (helmet restricted)
rPois    .         Spirit   .   v - amulet of rage
rElec    .         Reflect  .   y - ring of protection from magic
rCorr    .         Harm     .   e - ring of ice
MR       +....                  (no ring)
Stlth    ++++......             (no ring)
HPRegen  0.18/turn              (no ring)
MPRegen  0.13/turn              (no ring)
                                (no ring)
                                (no ring)

@: no status effects
A: almost no armour, stealthy swim, amphibious, 8 rings, constrict 8, camouflage
1, gelatinous body 1
a: Evoke Berserk Rage


You were on level 7 of the Dungeon.
You were very hungry.

You visited 2 branches of the dungeon, and saw 8 of its levels.
You also visited: Sewer.

You collected 366 gold pieces.
You spent 247 gold pieces at shops.

Inventory:

Hand Weapons
 d - a +0 hand axe
 f - a +0 short sword
 h - a +0 spear (weapon)
 q - a +0 blowgun
 D - a +2 dagger of freezing
Missiles
 a - 151 stones (quivered)
 c - 125 arrows
 i - 76 sling bullets
 r - 14 poisoned needles
 J - 2 poisoned tomahawks
Jewellery
 e - a ring of ice (right tentacle)
 v - an amulet of rage (around mantle)
 y - a ring of protection from magic (left tentacle)
 F - an uncursed amulet of the gourmand
 H - a +1 ring of evasion {unknown}
 I - a +5 ring of protection {unknown}
Wands
 B - a wand of paralysis (11)
Scrolls
 k - 4 scrolls of fear
 m - 3 scrolls of remove curse {@r2}
 n - 2 scrolls of blinking {unknown}
 o - a scroll of enchant weapon {unknown}
 p - a scroll of amnesia {unknown}
 t - 7 scrolls of teleportation
 u - 2 scrolls of enchant armour {unknown}
 x - 2 scrolls of random uselessness
 A - 2 scrolls of noise {unknown}
 E - 2 scrolls of magic mapping {unknown}
 G - a scroll of silence {unknown}
 L - a scroll of fog {unknown}
 M - a scroll of immolation {unknown}
 O - 2 scrolls of identify {@r1}
Potions
 g - 3 potions of lignification
 j - 2 potions of heal wounds
 l - 5 potions of curing {@q1}
 s - a potion of cancellation {unknown}
 w - a potion of magic {unknown}
 z - 3 potions of flight {unknown}
 C - 2 potions of haste {unknown}
 K - a potion of ambrosia {unknown}
Comestibles
 b - 15 rations


   Skills:
 + Level 4.0 Fighting
 * Level 5.2 Polearms
 + Level 5.2 Dodging
 + Level 6.5 Stealth
 - Level 3.0 Spellcasting
 - Level 4.0 Summonings
 - Level 2.0 Air Magic


You had 5 spell levels left.
You knew the following spells:

 Your Spells              Type           Power        Failure   Level  Hunger
a - Summon Small Mammal   Summ           ###.         3%          1    None
b - Call Canine Familiar  Summ           ###.....     10%         3    ###....
c - Summon Lightning Spi  Summ/Air       ##......     45%         4    ####...

Your spell library contained the following spells:

 Spells                   Type           Power        Failure   Level  Hunger
 Summon Ice Beast         Ice/Summ       ##......     58%         4    ####...
 Call Imp                 Summ           ###.....     4%          2    ##.....
 Summon Guardian Golem    Hex/Summ       #.......     22%         3    ###....


Dungeon Overview and Level Annotations

Branches:
Dungeon (7/15)             Temple (1/1) D:6

Altars:
Ashenzari
Cheibriados
Dithmenos
Fedhas
Kikubaaqudgha
Makhleb
Ru
Sif Muna
Trog
Vehumet
Wu Jian
Xom
Yredelemnul
Zin
The Shining One

Shops:
D:4 *   D:5 ?


Innate Abilities, Weirdness & Mutations

You cannot wear most types of armour.
You are very stealthy in the water. (Stealth+)
You are amphibious.
You can wear up to eight rings at the same time.
You can use your tentacles to constrict eight enemies at once.
Your skin changes colour to match your surroundings (Stealth+).
Your rubbery body absorbs attacks. (AC +1, EV +1)


Message History

The hound skeleton barely misses your hound.
You hit the wyvern zombie.
You squeeze the wyvern zombie, but do no damage.
The wyvern zombie is severely damaged.
Your hound bites the wyvern zombie.
The wyvern zombie bites you!
* * * LOW HITPOINT WARNING * * *
The hound skeleton misses your hound.
Your hound bites the wyvern zombie.
You hit the wyvern zombie but do no damage.
Your squeeze misses the wyvern zombie.
The wyvern zombie is almost destroyed.
The wyvern zombie bites you.
* * * LOW HITPOINT WARNING * * *
The hound skeleton bites your hound.
Your hound barks happily!
Your hound bites the hound skeleton.
You hit the wyvern zombie.
The wyvern zombie is almost destroyed.
Your hound closely misses the hound skeleton.
The wyvern zombie bites you!
You die...

... ##.## #...#
#.%.# #...#
#...# #...#
#Z@.#
.......h.......
........Z......
.$.............
####.#...#.####
#.#...#.# #
#...# # ....#


You could see a wyvern zombie, a hound skeleton and a friendly hound.

Vanquished Creatures
  A phantom (D:4)
  An ice beast (D:6)
  A centaur (D:5)
  2 bullfrogs (D:6)
  A scorpion (D:4)
  3 crimson imps
  An orc priest (D:6)
  A jelly (D:6)
  2 orc wizards
  A centaur skeleton (D:4)
  A worker ant (D:5)
  5 adders
  A river rat (D:5)
  An adder zombie (D:4)
  3 worms (D:2)
  A dart slug (D:2)
  A leopard gecko (D:4)
  12 orcs
  3 bats
  3 giant cockroaches
  10 goblins
  8 hobgoblins
  7 jackals
  3 quokkas
  4 ball pythons
  14 frilled lizards
  A jackal skeleton (D:4)
  2 kobolds (D:3)
  A quokka skeleton (D:5)
  23 rats
118 creatures vanquished.

Vanquished Creatures (collateral kills)
  Purgy (Sewer)
  An ogre (D:4)
  A phantom (D:4)
  A black bear (D:6)
  A bullfrog (D:6)
  A scorpion (D:7)
  A howler monkey (D:4)
  2 orc priests (D:6)
  3 orc wizards
  A worker ant (D:4)
  An adder (D:3)
  A worm (D:5)
  A leopard gecko (D:3)
  9 orcs
  2 giant cockroaches
  3 jackals
  2 rats (D:5)
32 creatures vanquished.

Grand Total: 150 creatures vanquished

Notes
Turn   | Place    | Note
-------+----------+-------------------------------------------
     0 | D:1      | iamserjio the Octopode Summoner began the quest for the Orb.
     0 | D:1      | Reached XP level 1. HP: 11/11 MP: 3/3
    35 | D:1      | Reached skill level 3 in Stealth
    35 | D:1      | Reached XP level 2. HP: 13/18 MP: 5/5
   517 | D:1      | You fall through a shaft!
   577 | D:2      | Reached skill level 1 in Fighting
   592 | D:2      | Reached XP level 3. HP: 23/23 MP: 6/6
   812 | D:2      | Reached XP level 4. HP: 28/28 MP: 7/7
  1619 | D:3      | Learned a level 3 spell: Call Canine Familiar
  1672 | D:3      | Reached skill level 4 in Stealth
  2169 | D:3      | Reached XP level 5. HP: 34/34 MP: 8/8
  2193 | D:3      | Found a blossoming altar of Fedhas.
  2421 | D:3      | Reached skill level 1 in Polearms
  2436 | D:4      | Found Keirph's Assorted Antiques.
  2436 | D:4      | Found a shadowy altar of Dithmenos.
  2461 | D:4      | Noticed a phantom
  2579 | D:3      | Learned a level 4 spell: Summon Lightning Spire
  2725 | D:4      | Killed a phantom
  2737 | D:4      | Reached XP level 6. HP: 31/39 MP: 7/9
  2928 | D:4      | Reached skill level 1 in Air Magic
  2975 | D:4      | Found a radiant altar of Vehumet.
  2977 | D:4      | Found a burning altar of Makhleb.
  3274 | D:4      | Noticed a phantom
  3331 | D:4      | Killed a phantom
  3331 | D:4      | Reached skill level 5 in Stealth
  3331 | D:4      | Reached XP level 7. HP: 36/45 MP: 5/11
  3402 | D:4      | Found a shattered altar of Ashenzari.
  3534 | D:4      | Bought an inky potion for 25 gold pieces
  3534 | D:4      | Bought a scroll labeled ZAUBOU POST for 28 gold pieces
  3534 | D:4      | Bought a notched diamond ring for 140 gold pieces
  3534 | D:4      | Bought a scroll labeled ICRUNO BA WIO for 28 gold pieces
  3556 | D:5      | Entered Level 5 of the Dungeon
  3603 | D:5      | Found Nirex's Magic Scroll Shop.
  3617 | D:5      | Bought a scroll of identify for 26 gold pieces
  3776 | D:5      | Found a glowing drain.
  3792 | Sewer    | Entered a sewer
  3847 | Sewer    | Noticed Purgy
  4073 | Sewer    | Killed Purgy
  4538 | D:5      | Found a bloodstained altar of Trog.
  4824 | D:5      | Found a sacrificial altar of Ru.
  5150 | D:6      | Found an ornate altar of the Wu Jian Council.
  5157 | D:6      | Reached XP level 8. HP: 44/52 MP: 10/12
  5551 | D:6      | Reached skill level 6 in Stealth
  5704 | D:6      | Reached skill level 5 in Dodging
  5866 | D:6      | Reached skill level 5 in Polearms
  6387 | D:6      | Found a staircase to the Ecumenical Temple.
  6396 | Temple   | Entered the Ecumenical Temple
  6555 | D:7      | Mangled by a wyvern zombie

Vault maps used:
D:1:      erik_arrival_orb_chamber
D:2:      cheibrodos_greedy_goblins
D:3:      fedhas_altar_3
D:4:      grunt_temple_overflow_lords_of_destruction, overflow_temple_1_default,
          serial_shops, shop, first_ration, minmay_misc_feat_rows,
          ashenzari_altar_1
D:5:      nicolae_ru_path_of_blood, portal_sewer_entry_e, serial_shops,
          shop_scrolls, bloody_trog
D:6:      overflow_temple_1_default, temple_statues
D:7:      marbit_many_paths, nicolae_overflow_crystal_walls,
          chequers_temple_overflow_statue_of_worship
Temple:   nicolae_temple_figure_zero
Sewer:    sewer_co_purgy_island

Skill      XL: |  1  2  3  4  5  6  7  8 |
---------------+-------------------------+-----
Stealth        | 3 4 5 6 |  6.5
Fighting       | 1 2 3 4 |  4.0
Dodging        | 3 4 5 |  5.2
Polearms       | 2 3 4 5 |  5.2
Air Magic      | 1 2 |  2.0
Spellcasting   | 3 |  3.0
Summonings     | |  4.0

Action                   |  1- 3 |  4- 6 |  7- 9 || total
-------------------------+-------+-------+-------++-------
Melee: Unarmed           |    29 |       |       ||    29
       Constrict         |    25 |    30 |    25 ||    80
       Tentacles         |    11 |    20 |    28 ||    59
       Short sword       |    53 |    37 |     4 ||    94
       Spear             |       |   171 |   179 ||   350
 Fire: Blowgun           |       |       |     4 ||     4
Throw: Stone             |     1 |     1 |     2 ||     4
 Cast: Summon Small Mamm |     1 |     1 |       ||     2
       Call Canine Famil |       |    15 |    16 ||    31
       Summon Lightning  |       |       |     1 ||     1
  Use: Scroll            |       |       |     9 ||     9
 Stab: Sleeping          |     9 |    10 |     9 ||    28
       Distracted        |       |     3 |     2 ||     5
  Eat: Chunk             |       |     8 |    10 ||    18
       Ration            |       |       |     1 ||     1
Armor: Skin              |     1 |    10 |     4 ||    15
Dodge: Dodged            |    49 |    86 |    85 ||   220

Table legend:
 A = Spawn XP
 B = Non-spawn XP
 C = Spawn XP percentage of total XP
 D = Spawn monster count
 E = Non-spawn monster count
 F = Spawn count percentage of total count
 G = Total turns spent on level
                    A         B        C        D         E        F      G
               +---------+---------+-------+---------+---------+-------+---------
         Total |       0 |    1836 |   0.0 |       0 |     150 |   0.0 |  6555
               +---------+---------+-------+---------+---------+-------+---------
           D:1 |       0 |      27 |   0.0 |       0 |      22 |   0.0 |   595
           D:2 |       0 |      86 |   0.0 |       0 |      30 |   0.0 |   868
           D:3 |       0 |      55 |   0.0 |       0 |      16 |   0.0 |  1093
           D:4 |       0 |     527 |   0.0 |       0 |      30 |   0.0 |  1000
           D:5 |       0 |     218 |   0.0 |       0 |      16 |   0.0 |   965
           D:6 |       0 |     745 |   0.0 |       0 |      26 |   0.0 |  1285
           D:7 |       0 |      50 |   0.0 |       0 |       1 |   0.0 |    13
         Sewer |       0 |     128 |   0.0 |       0 |       9 |   0.0 |   618
               +---------+---------+-------+---------+---------+-------+---------
